 Dungeon Crawl Stone Soup version 0.22-a0-283-g1871b15 (webtiles) character file.

47 erloom the Skirmisher (level 3, -8/36 HPs)
             Began as a Naga Fighter on Mar 19, 2018.
             Mangled by a gnoll
             ... wielding a +0 halberd
              (11 damage)
             ... on level 2 of the Dungeon.
             The game lasted 00:01:25 (1074 turns).

erloom the Skirmisher (Naga Fighter)                Turns: 1074, Time: 00:01:26

Health: -8/36      AC:  4    Str: 19    XL:     3   Next: 70%
Magic:  3/3        EV:  5    Int:  8    God:
Gold:   31         SH:  8    Dex: 10    Spells: 2/2 levels left

rFire    . . .     SeeInvis +   a - +0 war axe
rCold    . . .     Gourm    .   c - +0 shield
rNeg     . . .     Faith    .   b - +0 scale mail
rPois    +         Spirit   .   (no helmet)
rElec    .         Reflect  .   (no cloak)
rCorr    .         Harm     .   (no gloves)
MR       .....                  (no barding)
Stlth    ..........             (no amulet)
HPRegen  0.12/turn              (no ring)
MPRegen  0.08/turn              (no ring)

@: very slow
A: large, see invisible, deformed body, poison resistance, slowness 2, slow
metabolism 1, spit poison 1, AC +1
a: Spit Poison


You were on level 2 of the Dungeon.
You were not hungry.

You visited 1 branch of the dungeon, and saw 2 of its levels.

You collected 31 gold pieces.

Inventory:

Hand Weapons
 a - a +0 war axe (weapon)
Armour
 b - a +0 scale mail (worn)
 c - a +0 shield (worn)
Scrolls
 i - a scroll of remove curse {unknown}
Potions
 d - a potion of might
 e - 2 potions of curing {unknown}
 g - a potion of ambrosia {unknown}
Comestibles
 f - 3 rations
 h - a chunk of flesh


   Skills:
 + Level 3.8 Fighting
 + Level 3.1 Axes
 - Level 2.4 Armour
 - Level 2.4 Shields


You had 2 spell levels left.
You didn't know any spells.

Dungeon Overview and Level Annotations

Branches:
Dungeon (2/15)

Altars:


Innate Abilities, Weirdness & Mutations

You cannot wear boots.
Your serpentine skin is tough. (AC +1)
You have supernaturally acute eyesight. (SInv)
Armour fits poorly on your strangely shaped body.
Your system is resistant to poisons. (rPois)
You cover ground very slowly.
You have a slow metabolism.
You can spit poison.


Message History

You hit the gnoll.
You kill the gnoll!
Your Axes skill increases to level 3!
The jackal completely misses you.
You hit the jackal.
The jackal is moderately wounded.
You block the jackal's attack.
The gnoll hits you from afar with a halberd!
You block the jackal's attack.
Your shield and scale mail prevent you from hitting the jackal.
The jackal is moderately wounded.
The gnoll hits you from afar with a halberd!
The jackal barely misses you.
The jackal bites you but does no damage.
You slash the jackal!
You kill the jackal!
The gnoll hits you from afar with a halberd!
* * * LOW HITPOINT WARNING * * *
The gnoll hits you from afar with a halberd!
You die...

......#### ..........
#.#gg.. #####.........
#.#.#. . #.............
#.#.g .h #.<......... #.#.#
..h #.###.........###.#.#
.h.. #............. .g...#
.....
#####..##########g#.#......
#..........@gh.........
##.####...###h#.#..####
#....+...+...#....#
######...##...###.#
#........+ # #...##...#
#...##...# #.........#
#.......###


You could see 2 gnolls and 2 jackals.

Vanquished Creatures
  A gnoll (D:2)
  An ooze (D:1)
  2 dart slugs (D:1)
  2 leopard geckos (D:1)
  2 ball pythons (D:1)
  A giant cockroach (D:1)
  4 goblins (D:1)
  5 hobgoblins (D:1)
  A jackal (D:2)
  2 bats (D:1)
  2 frilled lizards (D:1)
  A kobold (D:1)
  2 rats
26 creatures vanquished.

Notes
Turn   | Place    | Note
-------+----------+-------------------------------------------
     0 | D:1      | erloom the Naga Fighter began the quest for the Orb.
     0 | D:1      | Reached XP level 1. HP: 21/21 MP: 1/1
   276 | D:1      | Reached XP level 2. HP: 28/28 MP: 2/2
   648 | D:1      | Reached XP level 3. HP: 34/34 MP: 3/3
  1074 | D:2      | Mangled by a gnoll

Vault maps used:
D:1:      matt_arrival_refuge

Skill      XL: |  1  2  3 |
---------------+----------+-----
Axes           | 3 |  3.1
Fighting       | |  3.8
Armour         | |  2.4
Shields        | |  2.4

Action                   || total
-------------------------++-------
Melee: War axe           ||    97
Armor: Scale mail        ||    40
Dodge: Dodged            ||    23
Block: Shield            ||    49

Table legend:
 A = Spawn XP
 B = Non-spawn XP
 C = Spawn XP percentage of total XP
 D = Spawn monster count
 E = Non-spawn monster count
 F = Spawn count percentage of total count
 G = Total turns spent on level
                    A         B        C        D         E        F      G
               +---------+---------+-------+---------+---------+-------+---------
         Total |       0 |      68 |   0.0 |       0 |      26 |   0.0 |  1074
               +---------+---------+-------+---------+---------+-------+---------
           D:1 |       0 |      51 |   0.0 |       0 |      23 |   0.0 |  1024
           D:2 |       0 |      17 |   0.0 |       0 |       3 |   0.0 |    50
               +---------+---------+-------+---------+---------+-------+---------
